 Dungeon Crawl Stone Soup version 0.32-a0-18-g89e19f1974 (webtiles) character file.

Game seed: 7930661294253674416

88 BigPumpCobain the Covered (level 4, -3/40 HPs)
             Began as a Minotaur Fighter on Jan 17, 2024.
             Slain by Crazy Yiuf
             ... wielding a +3 quarterstaff of chaos
              (9 damage)
             ... on level 3 of the Dungeon.
             The game lasted 00:02:27 (2563 turns).

BigPumpCobain the Covered (Minotaur Fighter)        Turns: 2563, Time: 00:02:28

Health: -3/40      AC:  8    Str: 23    XL:     4   Next: 29%
Magic:  3/3        EV:  9    Int:  5    God:
Gold:   156        SH:  4    Dex:  9    Spells: 3/3 levels left

rFire   . . .        a - +0 war axe
rCold   . . .        c - +0 buckler
rNeg    . . .        b - +0 scale mail
rPois   .            (helmet restricted)
rElec   .            (no cloak)
rCorr   .            k - +0 pair of gloves
SInv    .            (no boots)
Will    .....        (no amulet) Stlth
                     e - ring of flight
HPRegen 0.26/turn    (no ring)
MPRegen 0.08/turn

%: no passive effects
@: lethally poisoned (-3 -> -6), flying
A: horns 2, retaliatory headbutt
a: no special abilities


You were on level 3 of the Dungeon.
You visited 1 branch of the dungeon, and saw 3 of its levels.

You collected 156 gold pieces.

Inventory:

Hand Weapons
 a - a +0 war axe (weapon)
Armour
 b - a +0 scale mail (worn)
 c - a +0 buckler (worn)
 k - a +0 pair of gloves (worn)
 s - the +3 ring mail "Xoikhlups" {rN+ Int+2 Dex-2}
   (You found it on level 3 of the Dungeon)

   Int+2:     It affects your intelligence (+2).
   Dex-2:     It affects your dexterity (-2).
   rN+:       It protects you from negative energy.
Jewellery
 e - a ring of flight (left hand)
Scrolls
 f - a scroll of brand weapon {unknown}
 g - a scroll of enchant armour {unknown}
 h - 3 scrolls of identify {unknown}
 i - a scroll of torment {unknown}
 j - a scroll of blinking {unknown}
 n - a scroll of immolation {unknown}
 o - a scroll of fear {unknown}
 p - a scroll of teleportation {unknown}
 q - a scroll of revelation {unknown}
 t - a scroll of vulnerability {unknown}
Potions
 d - a potion of might
 l - 2 potions of brilliance {unknown}
 m - 4 potions of curing {unknown}
 r - a potion of heal wounds {unknown}
 u - a potion of lignification {unknown}


   Skills:
 + Level 4.2 Fighting
 * Level 3.9 Axes
 + Level 4.2 Armour
 + Level 4.2 Shields


You had 3 spell levels left.
You didn't know any spells.
Your spell library contained the following spells:

 Spells                   Type           Power      Damage    Failure   Level
 Sublimation of Blood     Necr           0%         N/A       94%         2
 Petrify                  Alch/Erth      0%         N/A       100%        4
 Irradiate                Conj/Alch      0%         3d11      100%        5


Dungeon Overview and Level Annotations

Branches:
Dungeon (3/15)

Altars:

Annotations:
D:3 Crazy Yiuf


Innate Abilities, Weirdness & Mutations

You have a pair of horns on your head.
You reflexively headbutt those who attack you in melee.


Message History

The ball python constricts you.
You barely miss the ball python.
The ball python bites you but does no damage.
The ball python constricts you.
You slash the ball python!
You kill the ball python!
No target in view!
No target in view!
No target in view!
No target in view!
No target in view!
No target in view!
You see here a ball python corpse.
You see here a +0 dagger.
Found a hammer.
Found a runed translucent door.
Crazy Yiuf shouts!
Could not explore, unopened runed door.
You reach down and open the door.
You barely miss Crazy Yiuf.
Crazy Yiuf sings, "Trees, trees, trees, circus!"
Crazy Yiuf hits you with a +3 quarterstaff of chaos.
You are poisoned.
Crazy Yiuf hits you with a +3 quarterstaff of chaos!
Crazy Yiuf freezes you.
You slash Crazy Yiuf!
Crazy Yiuf is severely wounded.
You feel very sick.
Crazy Yiuf hits you with a +3 quarterstaff of chaos!
Crazy Yiuf burns you.
* * * LOW HITPOINT WARNING * * *
You hit Crazy Yiuf.
Crazy Yiuf is severely wounded.
You feel sick.
Crazy Yiuf says, "Aardvark senile bush!"
Crazy Yiuf completely misses you.
You closely miss Crazy Yiuf.
Crazy Yiuf is severely wounded.
You feel sick. Crazy Yiuf closely misses you.
Crazy Yiuf hits you with a +3 quarterstaff of chaos!
You die...

#..# #.###
#######.†###
#...##
##.........#
#.#†)#
)........###
####.##
....##...# #..#
##..##...# ##.#
.........# ###
#####.#
.........#
#)..### ##..#..#
##..##...#
#...g@####......#
.#..##..##
#...##..#......##
.........# ###
###.#...###
.#####..##
####### ## #..# #
#..# ######..#
.......##
######.#


You could see Crazy Yiuf.

Vanquished Creatures
  4 adders
  A ribbon worm (D:2)
  2 dart slugs
  3 orcs (D:3)
  8 ball pythons
  4 bats
  3 endoplasms
  3 giant cockroaches
  5 goblins
  2 hobgoblins (D:3)
  A quokka (D:2)
  2 frilled lizards (D:2)
  3 rats
41 creatures vanquished.

Notes
Turn   | Place    | Note
-------+----------+-------------------------------------------
     0 | D:1      | BigPumpCobain the Minotaur Fighter began the quest for the
                  | Orb.
     0 | D:1      | Reached XP level 1. HP: 19/19 MP: 0/0
   275 | D:1      | Reached XP level 2. HP: 27/27 MP: 1/1
  1129 | D:2      | Reached XP level 3. HP: 32/33 MP: 2/2
  1173 | D:2      | Found a faded altar of an unknown god.
  2011 | D:3      | Reached XP level 4. HP: 37/40 MP: 3/3
  2029 | D:3      | Identified the +3 ring mail "Xoikhlups" {rN+ Int+2 Dex-2}
  2555 | D:3      | Found a runed translucent door.
  2556 | D:3      | Noticed Crazy Yiuf
  2563 | D:3      | Slain by Crazy Yiuf

Illustrated notes

Levels and vault maps discovered:
D:1:      spicycebolla_arrival_transporter_tutorial, layout_basic
D:2:      kb_forest_paths, layout_loops_ring, basic_ecumenical_altar
D:3:      layout_loops_ring, uniq_crazy_yiuf_cottage

Skill      XL: |  1  2  3 |
---------------+----------+-----
Axes           | 3 |  3.9
Armour         | 4 |  4.2
Fighting       | 4 |  4.2
Shields        | 4 |  4.2

Action                     |  1- 3 |  4- 6 || total
---------------------------+-------+-------++-------
  Melee: War axe           |    83 |    24 ||   107
         Headbutt          |     9 |     3 ||    12
 Armour: Scale mail        |    59 |    12 ||    71
  Dodge: Dodged            |    35 |     5 ||    40
  Block: Buckler           |    23 |     8 ||    31

Table legend: (Time is in decaauts)
 A = Elapsed time spent in this place.
 B = Non-inter-level travel time spent in this place.
 C = Inter-level travel time spent in this place.
 D = Time resting spent in this place.
 E = Time spent auto-exploring this place.
 F = Levels seen in this place.
 G = Mean time per level.
                   A        B        C        D        E       F      G
               +--------+--------+--------+--------+--------+-----+--------+
         Total |   2602 |   2547 |     55 |      0 |   2239 |   3 |  867.3 |
       Dungeon |   2602 |   2547 |     55 |      0 |   2239 |   3 |  867.3 |
               +--------+--------+--------+--------+--------+-----+--------+

Top non-repeatable levels by time:
     D:1: 965 daAuts
     D:2: 902 daAuts
     D:3: 734 daAuts
